 Dungeon Crawl Stone Soup version 0.25-a0-292-gaa31f046c4 (webtiles) character file.

Game seed: 662260132515249656, levelgen mode: deterministic

6657 MoonlitKnight the Slicer (level 10, -9/77 HPs)
             Began as a Vampire Gladiator on Dec 15, 2019.
             Was an Initiate of Gozag.
             Mangled by a yak (13 damage)
             ... on level 1 of the Lair of Beasts.
             The game lasted 00:21:45 (8990 turns).

MoonlitKnight the Slicer (Vampire Gladiator)        Turns: 8990, Time: 00:21:46

Health: -9/77      AC: 12    Str: 14    XL:     10   Next: 73%
Magic:  0/10       EV: 16    Int:  9    God:    Gozag
Gold:   70         SH:  5    Dex: 18    Spells: 9/9 levels left

rFire    . . .     SeeInvis +   I - +2 short sword (drain)
rCold    + . .     Gourm    .   F - +0 buckler
rNeg     . . .     Faith    .   M - +2 ring mail {rC+}
rPois    .         Spirit   +   c - +0 helmet
rElec    .         Reflect  .   p - scarf {Spirit}
rCorr    +         Harm     .   w - +0 pair of gloves
MR       +....                  e - +2 pair of boots of the Assassin {Detection Stab+ Stlth++}
Stlth    ++++++....             (no amulet)
HPRegen  0.42/turn              K - ring of resist corrosion
MPRegen  0.12/turn              L - -2 ring of intelligence (curse)

@: gold aura, regenerating quickly, hasted, very quick
A: no food, fangs 3, see invisible, unbreathing
a: Exsanguinate, Potion Petition, Call Merchant, Bribe Branch, Renounce Religion


You were on level 1 of the Lair of Beasts.
You worshipped Gozag.
Gozag was noncommittal.
You were alive.

You visited 3 branches of the dungeon, and saw 11 of its levels.

You collected 1066 gold pieces.
You spent 840 gold pieces at shops.
You paid 156 gold pieces to Gozag.

Inventory:

Hand Weapons
 a - a +1 rapier
 I - a +2 short sword of draining (weapon)
Missiles
 d - 3 throwing nets
 t - 63 poisoned darts (quivered)
 A - 7 atropa-tipped darts
Armour
 c - a +0 helmet (worn)
 e - the +2 pair of boots of the Assassin (worn) {Detection Stab+ Stlth++}
   (You bought it in a shop on level 6 of the Dungeon)

   It makes you much more stealthy.
 p - a scarf of spirit shield (worn)
 w - a +0 pair of gloves (worn)
 F - a +0 buckler (worn)
 M - a +2 ring mail of cold resistance (worn)
Jewellery
 K - a ring of resist corrosion (left hand)
 L - a cursed -2 ring of intelligence (right hand)
 O - an uncursed ring of stealth {unknown}
Wands
 b - a wand of polymorph (11)
 r - a wand of flame (14)
 G - a wand of iceblast (20)
 P - a wand of random effects (11)
Scrolls
 f - 4 scrolls of remove curse
 g - 5 scrolls of teleportation
 i - a scroll of enchant armour {unknown}
 l - 2 scrolls of immolation
 m - a scroll of random uselessness {unknown}
 s - a scroll of enchant weapon
 y - 2 scrolls of magic mapping
 B - 4 scrolls of identify
 C - a scroll of noise {unknown}
 D - 2 scrolls of blinking {unknown}
 Q - 2 scrolls of amnesia {unknown}
Potions
 j - 2 potions of degeneration
 k - 5 potions of agility
 n - 5 potions of curing
 o - a potion of resistance
 q - a potion of heal wounds {unknown}
 u - a potion of ambrosia
 v - 3 potions of flight {unknown}
 x - a potion of berserk rage {unknown}
 z - a potion of invisibility {unknown}
 E - a potion of mutation {unknown}
 H - a potion of magic {unknown}
 J - 2 potions of might {unknown}


   Skills:
 + Level 6.8 Fighting
 * Level 11.7 Short Blades
 - Level 1.5 Throwing
 + Level 8.7 Dodging
 + Level 9.1 Stealth
 - Level 4.0 Shields


You had 9 spell levels left.
You didn't know any spells.
Your spell library contained the following spells:

 Spells                   Type           Power        Failure   Level  Hunger
 Apportation              Tloc           #.....       63%         1    N/A
 Magic Dart               Conj           #...         63%         1    N/A
 Summon Butterflies       Summ           #.......     63%         1    N/A
 Blink                    Tloc           N/A          77%         2    N/A
 Call Imp                 Summ           #.......     77%         2    N/A
 Slow                     Hex            #.......     77%         2    N/A
 Conjure Flame            Conj/Fire      #.......     94%         3    N/A
 Lesser Beckoning         Tloc           #.........   94%         3    N/A
 Mephitic Cloud           Conj/Pois/Air  #.......     94%         3    N/A
 Tukima's Dance           Hex            #.......     94%         3    N/A
 Alistair's Intoxication  Tmut/Pois      #.......     100%        5    N/A
 Invisibility             Hex            #.......     100%        6    N/A

Dungeon Overview and Level Annotations

Branches:
Dungeon (8/15)             Temple (1/1) D:5            Lair (2/6) D:8
  Swamp: Lair:2-4    Shoals: Lair:2-4     Snake: Lair:2-4    Spider: Lair:2-4

Altars:
Ashenzari
Cheibriados
Dithmenos
Elyvilon
Fedhas
Gozag
Hepliaklqana
Kikubaaqudgha
Makhleb
Nemelex Xobeh
Okawaru
Qazlal
Ru
Sif Muna
Trog
Uskayaw
Vehumet
Wu Jian
Xom
Yredelemnul
Zin
The Shining One

Shops:
D:6 [   D:8 ?


Innate Abilities, Weirdness & Mutations

You do not eat.
Your natural rate of healing is unusually fast.
You have razor-sharp teeth.
You have supernaturally acute eyesight. (SInv)
You can survive without breathing.


Message History

You hit the yak. You drain the yak. Your bite misses the yak.
The yak is moderately wounded.
You barely miss the yak.
The yak is moderately wounded.
The yak barely misses you.
You puncture the yak!
The yak is heavily wounded.
You hit the yak but do no damage. You drain the yak.
The yak is heavily wounded.
The yak is no longer distracted by gold.
The yak closely misses you. x2
You hit the spiny frog but do no damage.
The spiny frog stings you!!
* * * LOW HITPOINT WARNING * * *
You feel yourself speed up.
The yak is no longer distracted by gold.
The spiny frog stings you but does no damage.
You block the yak's attack. The yak barely misses you. The yak gores you!
You die...
Your body crumbles into a pile of gold.

##... ........
##....###....#
.#...........##
..............###
............$.$$#
......P....##YY.#
#......Y..###Y#.#
.##..YYY## ##..#
..... ###F@## #..##
..................#
#...###
≈..(...........#...#
##...{##
≈..........###.##....
##....## ≈≈#.......
## #..+. #......#
≈.......#
.....##.....##
.......##
.....##.....#
........#
#......#Y.♣..##.
........#
#...♣..#(Y......♣


You could see 4 yaks and a spiny frog.

Vanquished Creatures
  A two-headed ogre (D:8)
  Pikel (D:7)
  2 spiny frogs (Lair:1)
  A komodo dragon (Lair:1)
  Grinder (D:3)
  2 hippogriffs
  A wyvern (Lair:2)
  7 yaks (Lair:1)
  A hungry ghost (D:8)
  Duvessa (D:7)
  A water moccasin (Lair:1)
  An ice beast (D:6)
  2 slaves (D:7)
  A black bear (D:8)
  2 phantoms
  3 centaurs
  A crocodile (Lair:1)
  An ogre (D:6)
  3 bullfrogs
  A gnoll sergeant (D:6)
  Dowan (D:7)
  6 scorpions
  5 wights (D:8)
  2 howler monkeys (D:4)
  A bullfrog zombie (D:6)
  3 crimson imps (D:6)
  2 orc priests (D:4)
  A centaur zombie (D:8)
  4 hounds
  A bullfrog skeleton (D:5)
  2 jellies
  A gnoll shaman (D:4)
  2 orc wizards
  An iguana (D:7)
  3 worker ants
  Natasha (thrice) (D:3)
  A hound skeleton (D:7)
  A worker ant zombie (D:6)
  11 gnolls
  4 adders
  2 howler monkey skeletons
  A shadow imp (D:8)
  An adder skeleton (D:7)
  2 worms (D:3)
  3 dart slugs
  5 leopard geckos
  20 orcs
  2 ball pythons
  5 hobgoblins
  7 kobolds
  4 quokkas
  7 bats
  5 frilled lizards
  7 goblins
  2 jackal skeletons (D:4)
  4 rats
166 creatures vanquished.

Vanquished Creatures (others)
  A hippogriff (D:7)
  A plant (Lair:1)
2 creatures vanquished.

Grand Total: 168 creatures vanquished

Notes
Turn   | Place    | Note
-------+----------+-------------------------------------------
     0 | D:1      | MoonlitKnight the Vampire Gladiator began the quest for the
                  | Orb.
     0 | D:1      | Reached XP level 1. HP: 16/16 MP: 1/1
    81 | D:1      | Reached XP level 2. HP: 22/22 MP: 2/2
   474 | D:2      | Reached skill level 4 in Short Blades
   650 | D:2      | Reached XP level 3. HP: 26/27 MP: 3/3
   979 | D:2      | You fall into a shaft and drop 2 floors!
  1023 | D:4      | Noticed a phantom
  1097 | D:4      | Killed a phantom
  1097 | D:4      | Reached skill level 5 in Short Blades
  1097 | D:4      | Reached XP level 4. HP: 14/34 MP: 4/4
  1227 | D:4      | Reached XP level 5. HP: 32/39 MP: 5/5
  1617 | D:3      | Noticed Natasha
  1627 | D:3      | Killed Natasha
  1700 | D:3      | Noticed Grinder
  1713 | D:3      | Killed Grinder
  1713 | D:3      | Reached skill level 6 in Short Blades
  1713 | D:3      | Reached XP level 6. HP: 21/47 MP: 2/6
  2683 | D:3      | Reached skill level 5 in Dodging
  2728 | D:3      | Noticed Natasha
  2745 | D:3      | Killed Natasha
  3194 | D:3      | Noticed Natasha
  3209 | D:3      | Killed Natasha
  3450 | D:4      | Reached XP level 7. HP: 42/53 MP: 7/7
  3876 | D:4      | Reached skill level 7 in Short Blades
  4275 | D:5      | Entered Level 5 of the Dungeon
  4357 | D:5      | Found a staircase to the Ecumenical Temple.
  4364 | Temple   | Entered the Ecumenical Temple
  4586 | Temple   | Became a worshipper of Gozag Ym Sagoz the Greedy
  4703 | D:5      | Reached skill level 1 in Stealth
  4877 | D:5      | Reached XP level 8. HP: 61/61 MP: 8/8
  5060 | D:5      | Reached skill level 8 in Short Blades
  5663 | D:6      | Found Xioph's Armour Shoppe.
  6225 | D:6      | Reached skill level 5 in Fighting
  6447 | D:6      | Reached skill level 9 in Short Blades
  6687 | D:7      | Reached skill level 5 in Stealth
  6827 | D:7      | Reached XP level 9. HP: 66/68 MP: 7/9
  6889 | D:7      | Noticed Duvessa
  6889 | D:7      | Noticed Dowan
  6918 | D:7      | Killed Duvessa
  6920 | D:7      | Killed Dowan
  7038 | D:7      | Noticed Pikel
  7066 | D:7      | Killed Pikel
  7066 | D:7      | Reached skill level 1 in Shields
  7176 | D:7      | Found a hazy altar of Hepliaklqana.
  7176 | D:7      | Found an ancient bone altar of Kikubaaqudgha.
  7181 | D:7      | Found an ornate altar of the Wu Jian Council.
  7183 | D:7      | Reached skill level 10 in Short Blades
  7184 | D:7      | Found a faded altar of an unknown god.
  7186 | D:7      | Found a faded altar of an unknown god.
  7346 | D:8      | Found Kuwkiofry's Magic Scroll Shoppe.
  7479 | D:8      | Found a shattered altar of Ashenzari.
  7596 | D:8      | Found a staircase to the Lair.
  7732 | D:8      | Noticed a two-headed ogre
  7759 | D:8      | Killed a two-headed ogre
  7759 | D:8      | Reached XP level 10. HP: 67/76 MP: 7/10
  8032 | Lair:1   | Entered Level 1 of the Lair of Beasts
  8038 | Lair:1   | Noticed a spiny frog
  8210 | Lair:1   | Killed a spiny frog
  8210 | Lair:1   | Reached skill level 11 in Short Blades
  8421 | Lair:1   | Noticed a spiny frog
  8452 | Lair:1   | HP: 3/77 [poisoned by a spiny frog]
  8454 | Lair:1   | HP: 1/77 [poisoned by a spiny frog]
  8473 | Lair:1   | Killed a spiny frog
  8694 | D:6      | Bought the +2 pair of boots of the Assassin {Detection
                  | Stab+ Stlth++} for 840 gold pieces
  8694 | D:6      | Found the +2 pair of boots of the Assassin {Detection Stab+
                  | Stlth++}
  8971 | Lair:1   | Noticed a spiny frog
  8990 | Lair:1   | Mangled by a yak

Levels and vault maps discovered:
D:1:      psy_arrival_statuary, layout_rooms
D:2:      layout_loops_ring, serial_glass, glass_columns_b, glass_columns_a
D:3:      layout_basic, uniq_natasha, uniq_grinder
D:4:      cheibrodos_old_hovel, layout_basic, wad_floor_pattern_untrapped,
          minmay_misc_feat_x
D:5:      layout_basic, minmay_temple_entry_wispy, first_ration,
          grunt_tough_drop
D:6:      layout_layer_cave, serial_shops, kennysheep_little_box
D:7:      layout_rooms, chequers_temple_overflow_minitemple, uniq_duvessa,
          uniq_pikel
D:8:      layout_loops_cross, ashenzari_conservatory_becter, lair_entry_dummy,
          serial_shops, shop_scrolls
Temple:   dpeg_five_rooms_temple
Lair:1:   layout_layer_cave, nicolae_lair_grove_arrangements,
          minmay_shattered_shrine, lemuel_fruit_tree, grunt_megastairs_3,
          infiniplex_staircase_pool, serial_bayou_shore_b, uniq_grum
Lair:2:   layout_chaotic_city

Skill      XL: |  1  2  3  4  5  6  7  8  9 10 |
---------------+-------------------------------+-----
Fighting       | 2 3 4 5 6 |  6.8
Short Blades   | 4 5 6 7 9 10 11 | 11.7
Dodging        | 4 5 6 8 |  8.7
Stealth        | 1 5 7 9 |  9.1
Shields        | 3 4 |  4.0
Throwing       | |  1.5

Action                   |  1- 3 |  4- 6 |  7- 9 | 10-12 || total
-------------------------+-------+-------+-------+-------++-------
Melee: Rapier            |   157 |   119 |   181 |       ||   457
       Bite              |    20 |    13 |    67 |    29 ||   129
       Short sword       |       |       |   323 |   165 ||   488
Throw: Dart              |       |       |    16 |    13 ||    29
Invok: Potion Petition   |       |       |     1 |     1 ||     2
  Use: Scroll            |       |    11 |       |       ||    11
       Potion            |       |       |       |     4 ||     4
 Stab: Sleeping          |       |       |     6 |     4 ||    10
       Distracted        |       |       |     1 |       ||     1
Armor: Leather armour    |    48 |    10 |       |       ||    58
       Ring mail         |       |     9 |   121 |    32 ||   162
Dodge: Dodged            |   105 |    70 |   244 |    94 ||   513
Block: Buckler           |       |       |    16 |    40 ||    56

Table legend:
 A = Non-vault XP
 B = Vault XP
 C = Vault XP percentage of total XP
 D = Non-vault monster count
 E = Vault monster count
 F = Vault count percentage of total count
                 A         B        C        D         E       F
            +---------+---------+-------+---------+---------+-------
      Total |    7939 |    1572 |  16.5 |     158 |       7 |   4.2
            +---------+---------+-------+---------+---------+-------
        D:1 |      34 |       0 |   0.0 |      21 |       0 |   0.0
        D:2 |      40 |       0 |   0.0 |      15 |       0 |   0.0
        D:3 |     161 |     297 |  64.8 |      17 |       2 |  10.5
        D:4 |     517 |      36 |   6.5 |      25 |       1 |   3.8
        D:5 |     562 |       0 |   0.0 |      13 |       0 |   0.0
        D:6 |     746 |       0 |   0.0 |      19 |       0 |   0.0
        D:7 |     915 |     821 |  47.3 |      14 |       3 |  17.6
        D:8 |    2087 |       0 |   0.0 |      20 |       0 |   0.0
     Lair:1 |    2659 |     418 |  13.6 |      13 |       1 |   7.1
     Lair:2 |     218 |       0 |   0.0 |       1 |       0 |   0.0
            +---------+---------+-------+---------+---------+-------
